 Dungeon Crawl Stone Soup version 0.25-a0-729-g14964f1db5 (webtiles) character file.

Game seed: 12747851698688140062, levelgen mode: deterministic

123 Glundar the Shield-Bearer (level 5, -9/41 HPs)
             Began as a Human Fighter on Apr 7, 2020.
             Killed from afar by an orc wizard (12 damage)
             ... with a magic dart
             ... on level 4 of the Dungeon.
             The game lasted 00:08:11 (2132 turns).

Glundar the Shield-Bearer (Human Fighter)           Turns: 2132, Time: 00:08:11

Health: -9/41      AC:  9    Str: 17    XL:     5   Next: 29%
Magic:  5/5        EV:  4    Int:  8    God:
Gold:   120        SH:  9    Dex: 13    Spells: 4/4 levels left

rFire    . . .     SeeInvis .   a - +0 war axe
rCold    . . .     Gourm    .   c - +0 kite shield
rNeg     . . .     Faith    .   s - +0 chain mail
rPois    .         Spirit   .   (no helmet)
rElec    .         Reflect  .   (no cloak)
rCorr    .         Harm     .   (no gloves)
MR       .....                  (no boots)
Stlth    ..........             (no amulet)
HPRegen  0.13/turn              (no ring)
MPRegen  0.09/turn              (no ring)

@: no status effects
A: no striking features
a: no special abilities


You were on level 4 of the Dungeon.
You were not hungry.

You visited 1 branch of the dungeon, and saw 4 of its levels.

You collected 120 gold pieces.

Inventory:

Hand Weapons
 a - a +0 war axe (weapon)
 b - a +0 hunting sling
Missiles
 k - 60 stones (quivered)
 o - 3 poisoned darts
 u - 10 sling bullets
Armour
 c - a +0 kite shield (worn)
 s - a +0 chain mail (worn)
Jewellery
 n - an uncursed ring of fire {unknown}
 q - an uncursed ring of resist corrosion {unknown}
Scrolls
 g - 6 scrolls of identify {unknown}
 j - a scroll of fear {unknown}
 p - 2 scrolls of remove curse {unknown}
Potions
 d - a potion of might
 e - 2 potions of curing {unknown}
 h - a potion of flight {unknown}
 l - a potion of ambrosia {unknown}
 m - a potion of heal wounds {unknown}
 r - a potion of resistance {unknown}
 t - a potion of lignification {unknown}
Comestibles
 f - 6 rations
 i - 2 chunks of flesh


   Skills:
 - Level 3.2 Fighting
 + Level 3.1 Axes
 + Level 1.8 Slings
 + Level 3.5 Armour
 + Level 3.8 Shields


You had 4 spell levels left.
You didn't know any spells.
Your spell library contained the following spells:

 Spells                   Type           Power        Failure   Level  Hunger
 Beastly Appendage        Tmut           #.....       100%        1    ##.....
 Sticks to Snakes         Tmut           #.......     100%        2    ###....
 Spider Form              Tmut/Pois      #.........   100%        3    ####...
 Ice Form                 Ice/Tmut       #.......     100%        4    #####..
 Blade Hands              Tmut           #.........   100%        5    ######.


Dungeon Overview and Level Annotations

Branches:
Dungeon (4/15)
 Temple: D:4-7

Altars:
Nemelex Xobeh
Qazlal


Message History

Really attack while wielding your +0 hunting sling?
Okay, then.
a - a +0 war axe (weapon)
You slash the orc priest!
The orc priest is heavily wounded.
You miss the orc wizard.
An orc comes into view. It is wielding a +0 trident.
The orc priest invokes the aid of Beogh against you.
Pain shoots through your body!
The orc wizard points at you and mumbles some strange words.
The puff of flame hits you!
* * * LOW HITPOINT WARNING * * *
The orc priest looks satisfied for a moment.
The orc shouts!
There is a stone staircase leading up here.
The orc priest hits you with a +0 hand axe.
* * * LOW HITPOINT WARNING * * *
The orc wizard points at you and mumbles some strange words.
The magic dart hits you!
You die...

### #..
#.# #.#
#.# ##o##
#oo@#
#.o.#...#
###...#l#
##......
##$..##..
#.### #
#.# #.#


You could see 2 orc priests, an orc wizard, an orc and a frilled lizard.

Vanquished Creatures
  Jessica (D:3)
  3 adders
  2 worms
  A dart slug (D:1)
  3 leopard geckos
  2 orcs (D:3)
  2 giant cockroaches
  8 goblins
  3 hobgoblins (D:3)
  7 kobolds
  A quokka (D:3)
  2 ball pythons
  8 bats
  7 frilled lizards
  12 rats
62 creatures vanquished.

Notes
Turn   | Place    | Note
-------+----------+-------------------------------------------
     0 | D:1      | Glundar the Human Fighter began the quest for the Orb.
     0 | D:1      | Reached XP level 1. HP: 18/18 MP: 1/1
   178 | D:1      | Reached XP level 2. HP: 24/24 MP: 2/2
   502 | D:1      | Reached XP level 3. HP: 29/29 MP: 3/3
   923 | D:2      | Found a sparkling altar of Nemelex Xobeh.
  1094 | D:2      | Reached skill level 1 in Slings
  1164 | D:2      | Reached XP level 4. HP: 35/35 MP: 4/4
  1184 | D:2      | You fall into a shaft and drop 1 floor!
  1641 | D:3      | Noticed Jessica
  1643 | D:3      | Killed Jessica
  1643 | D:3      | Reached XP level 5. HP: 41/41 MP: 5/5
  1979 | D:3      | Found a stormy altar of Qazlal.
  2132 | D:4      | Killed from afar by an orc wizard

Levels and vault maps discovered:
D:1:      dpeg_arrival_rooms_c, layout_basic, st_stairs_5
D:2:      layout_basic, old_standard_altar
D:3:      layout_basic, nicolae_qazlal_eye_of_the_storm, first_ration,
          uniq_jessica
D:4:      layout_loops_ring, minmay_temple_entry_enclosed_plants, serial_shops,
          nicolae_shop_overgrown_old_shop, shop

Skill      XL: |  1  2  3  4 |
---------------+-------------+-----
Slings         | 1 |  1.8
Axes           | 3 |  3.1
Fighting       | |  3.2
Armour         | |  3.5
Shields        | |  3.8

Action                   |  1- 3 |  4- 6 || total
-------------------------+-------+-------++-------
Melee: War axe           |    81 |    80 ||   161
 Fire: Hunting sling     |    46 |    16 ||    62
  Eat: Chunk             |     1 |     3 ||     4
Armor: Scale mail        |    41 |    21 ||    62
       Chain mail        |       |    16 ||    16
Dodge: Dodged            |    33 |    12 ||    45
Block: Kite shield       |    49 |    52 ||   101

Table legend:
 A = Non-vault XP
 B = Vault XP
 C = Vault XP percentage of total XP
 D = Non-vault monster count
 E = Vault monster count
 F = Vault count percentage of total count
                 A         B        C        D         E       F
            +---------+---------+-------+---------+---------+-------
      Total |     135 |      42 |  23.7 |      59 |       3 |   4.8
            +---------+---------+-------+---------+---------+-------
        D:1 |      30 |       5 |  14.3 |      20 |       2 |   9.1
        D:2 |      54 |       0 |   0.0 |      19 |       0 |   0.0
        D:3 |      51 |      37 |  42.0 |      20 |       1 |   4.8
            +---------+---------+-------+---------+---------+-------
